 Dungeon Crawl Stone Soup version 0.32-a0-411-g744942f433 (webtiles) character file.

Game seed: 16790790987331193475

49 Xavori the Trooper (level 4, 42/42 HPs)
             Began as a Djinni Chaos Knight on Feb 20, 2024.
             Was a Plaything of Xom.
             Quit the game on level 1 of the Dungeon.
             The game lasted 00:01:36 (10984 turns).

Xavori the Trooper (Djinni Chaos Knight)           Turns: 10984, Time: 00:01:36

Health: 42/42      AC:  5    Str:  9 (10) XL:     4   Next: 2%
Gold:   73         EV: 12    Int: 12      God:    Xom [.*....] SH:  0 Dex: 19

rFire   + + .        a - +0 falchion (chaos)
rCold   x . .        (no shield)
rNeg    + . .        b - +2 leather armour
rPois   ∞            (no helmet)
rElec   .            (no cloak)
rCorr   .            (no gloves)
SInv    .            (boots unavailable)
Will    .....        (no amulet)
Stlth   +            e - ring of positive energy
HPRegen 0.27/turn    (no ring)
MPRegen 0.00/turn

%: no passive effects
@: flying, bezotted
A: sickness immunity, fire resistance 2, cold vulnerability 1, float, innate
caster, HP casting, extra vitality 1, agile 1, robust 2, persistent drain
a: Renounce Religion


You were on level 1 of the Dungeon.
You worshipped Xom.
You were a plaything of Xom.
You visited 1 branch of the dungeon, and saw 2 of its levels.

You collected 73 gold pieces.

Inventory:

Hand Weapons
 a - a +0 falchion of chaos (weapon)
Armour
 b - a +2 leather armour (worn)
Jewellery
 e - a ring of positive energy (left hand)
Wands
 i - a wand of paralysis (3)
Scrolls
 c - a scroll of butterflies
 d - 2 scrolls of enchant armour {unknown}
 f - a scroll of silence {unknown}
 g - a scroll of fog {unknown}
 h - a scroll of identify {unknown}
Potions
 j - a potion of brilliance {unknown}


   Skills:
 + Level 3.2 Fighting
 + Level 3.0 Long Blades
 + Level 1.5 Armour
 + Level 2.6 Dodging
 * Level 1.2 Spellcasting
 * Level 1.2 Conjurations
 * Level 1.2 Hexes
   Level 0.0 Charms
 * Level 1.2 Summonings
 * Level 1.2 Necromancy
 * Level 1.2 Translocations
   Level 0.0 Transmutations
 * Level 1.2 Fire Magic
 * Level 1.2 Ice Magic
 * Level 1.2 Air Magic
 * Level 1.2 Earth Magic
 * Level 1.2 Alchemy


You knew the following spells:

 Your Spells              Type           Power      Damage    Failure   Level
a - Kiss of Death         Conj/Necr      12%        2d6       24%         1
Your spell library was empty.

Dungeon Overview and Level Annotations

Branches:
Dungeon (2/15) Zot: 999

Altars:


Innate Abilities, Weirdness & Mutations

You are immune to sickness and miasma.
You are immune to poison.
Your flesh is very heat resistant. (rF++)
You are vulnerable to cold. (rC-)
You float through the air rather than walking.
You learn spells naturally, not from books.
Your magical power is your life essence.
You have superior vitality. (+4 MHP)
You are agile. (Dex +4, Str/Int -1)
You are very robust. (+20% HP)
Your health recovers twice as slowly from being drained.


Message History

Done waiting.
You start waiting.
You are now a toy of Xom.
You start waiting.
You start waiting.
You start waiting.
You start waiting.
You start waiting.
You start waiting.
You start waiting.
Xom makes a sudden noise!
You hear a twanging sound.
You start waiting.
You start waiting.
You start waiting.
You start waiting.
You start waiting.
You start waiting. "This place needs a little more atmosphere."
You are now a special plaything of Xom.
You start waiting.
Done waiting.
You start waiting.
Your trail of clouds dissipates.
You start waiting.
Done waiting.
You start waiting.
Done waiting.
You start waiting.
Done waiting.
You start waiting.
You are now a plaything of Xom.
You start waiting.
Done waiting.
You start waiting.
Done waiting.
You start waiting.
Done waiting.
You start waiting.
You have lingered too long.
Zot senses you.
Dive deeper or flee this branch before you suffer!
Are you sure you want to abandon this character and quit the game? (Confirm with "yes".)

#..............# #............
##..........#### #.##......#..
##.##.....##
######.##.#.####..
#####.....###.........#.......
##.##.#.#.#.##.####..###.)
#.#...).....#.......# ##.
#.##.......########.# ##
#...).......## ###.###
##.#(...@..#.# #.....#
#...........# #.....#
###.......#.## #.....#
#...........# #.....#
##.#.#.#.##.# #.....#
#####...##.# ####### #..###.#
#..###.###########
#......##.........


There were no monsters in sight!

Vanquished Creatures
  A dart slug (D:1)
  A ball python (D:1)
  3 bats
  3 endoplasms (D:1)
  3 goblins
  4 hobgoblins
  2 jackals (D:1)
  A frilled lizard (D:1)
  5 kobolds
  3 rats (D:1)
26 creatures vanquished.

Notes
Turn   | Place    | Note
-------+----------+-------------------------------------------
     0 | D:1      | Xavori the Djinni Chaos Knight began the quest for the Orb.
     0 | D:1      | Reached XP level 1. HP: 20/20 MP: 0/0
   166 | D:1      | Reached XP level 2. HP: 21/25 MP: 0/0
   204 | D:1      | Reached XP level 3. HP: 30/30 MP: 0/0
   204 | D:1      | Learned a level 1 spell: Kiss of Death
   259 | D:1      | Reached skill level 1 in Spellcasting
   259 | D:1      | Reached skill level 1 in Conjurations
   259 | D:1      | Reached skill level 1 in Hexes
   259 | D:1      | Reached skill level 1 in Summonings
   259 | D:1      | Reached skill level 1 in Necromancy
   259 | D:1      | Reached skill level 1 in Translocations
   259 | D:1      | Reached skill level 1 in Fire Magic
   259 | D:1      | Reached skill level 1 in Ice Magic
   259 | D:1      | Reached skill level 1 in Air Magic
   259 | D:1      | Reached skill level 1 in Earth Magic
   259 | D:1      | Reached skill level 1 in Alchemy
   416 | D:1      | XOM: silly message
   655 | D:1      | XOM: silly message
   953 | D:2      | XOM: noise
  1112 | D:1      | XOM: silly message
  1147 | D:1      | XOM: scenery: summon butterflies
  2165 | D:1      | XOM: summons 2 hostile demons
  2502 | D:2      | XOM: 5-stop teleportation journey
  2664 | D:1      | XOM: summons 1 hostile demon
  2919 | D:2      | XOM: 2-stop teleportation journey
  2983 | D:2      | XOM: stat loss: -1 Str (10/11)
  3038 | D:2      | Reached XP level 4. HP: 35/35 MP: 0/0
  3149 | D:1      | XOM is BORED!
  3149 | D:1      | XOM: summons 3 hostile demons
  3354 | D:1      | XOM: give mutations
  3354 | D:1      | Gained mutation: Armour fits poorly on your strangely
                  | shaped body. [Xom's mischief]
  3354 | D:1      | Gained mutation: You expend health (3 HP) to strengthen
                  | your wands. [Xom's mischief]
  3354 | D:1      | Gained mutation: Your health recovers twice as slowly from
                  | being drained. [Xom's mischief]
  3661 | D:1      | XOM: summons 1 hostile demon
  4129 | D:1      | XOM: torment (21/35 hp)
  4231 | D:1      | XOM is BORED!
  4307 | D:1      | XOM: torment (21/35 hp)
  4532 | D:1      | XOM: noise
  5076 | D:1      | XOM: summons 4 hostile shadow creatures
  5952 | D:1      | XOM: give mutations
  5952 | D:1      | Gained mutation: You are strong-willed. (Will+) [Xom's
                  | grace]
  5952 | D:1      | Gained mutation: You are robust. (+10% HP) [Xom's grace]
  6293 | D:1      | XOM: noise
  6325 | D:1      | XOM: god gift: leather armour {god gift}
  6473 | D:1      | XOM: god gift: wand of paralysis (3)
  6543 | D:1      | XOM: give mutations
  6543 | D:1      | Lost mutation: Armour fits poorly on your strangely shaped
                  | body. [Xom's mischief]
  6543 | D:1      | Lost mutation: You expend health (3 HP) to strengthen your
                  | wands. [Xom's mischief]
  6543 | D:1      | Lost mutation: You are strong-willed. (Will+) [Xom's
                  | mischief]
  6650 | D:1      | XOM: god gift: 4 stones
  6819 | D:1      | XOM: god gift: silvery potion {god gift}
  7137 | D:1      | XOM: cloud trail
  7198 | D:1      | XOM: give mutations
  7198 | D:1      | Gained mutation: You are agile. (Dex +4, Str/Int -1) [Xom's
                  | grace]
  7198 | D:1      | Gained mutation: You are very robust. (+20% HP) [Xom's
                  | grace]
  7583 | D:1      | XOM: summons 3 hostile demons
  7661 | D:2      | XOM: cloud trail
  8184 | D:1      | XOM: divination: detect creatures
  8631 | D:1      | XOM: noise
  8668 | D:1      | XOM is BORED!
  8858 | D:1      | XOM: silly message
  9993 | D:1      | XOM: noise
 10239 | D:1      | XOM: cloud trail
 10983 | D:1      | Glimpsed the power of Zot.
 10984 | D:1      | Quit the game

Illustrated notes

Levels and vault maps discovered:
D:1:      dpeg_arrival_pond, layout_loops_cross, st_stairs_4, grunt_decor_cap,
          corner_web_ring
D:2:      layout_loops_ring, ebering_ecumenical_altar_mist

Skill      XL: |  1  2  3 |
---------------+----------+-----
Spellcasting   | 1 |  1.2
Conjurations   | 1 |  1.2
Hexes          | 1 |  1.2
Summonings     | 1 |  1.2
Necromancy     | 1 |  1.2
Translocations | 1 |  1.2
Fire Magic     | 1 |  1.2
Ice Magic      | 1 |  1.2
Air Magic      | 1 |  1.2
Earth Magic    | 1 |  1.2
Alchemy        | 1 |  1.2
Long Blades    | 3 |  3.0
Fighting       | |  3.2
Armour         | |  1.5
Dodging        | |  2.6

Action                     |  1- 3 |  4- 6 || total
---------------------------+-------+-------++-------
  Melee: Falchion          |    64 |       ||    64
 Armour: Leather armour    |    36 |     1 ||    37
  Dodge: Dodged            |    66 |     3 ||    69

Table legend: (Time is in decaauts)
 A = Elapsed time spent in this place.
 B = Non-inter-level travel time spent in this place.
 C = Inter-level travel time spent in this place.
 D = Time resting spent in this place.
 E = Time spent auto-exploring this place.
 F = Levels seen in this place.
 G = Mean time per level.
                   A        B        C        D        E       F      G
               +--------+--------+--------+--------+--------+-----+--------+
         Total |  11000 |  10903 |     97 |   9953 |    767 |   2 | 5500.0 |
       Dungeon |  11000 |  10903 |     97 |   9953 |    767 |   2 | 5500.0 |
               +--------+--------+--------+--------+--------+-----+--------+

Top non-repeatable levels by time:
     D:1: 9285 daAuts
     D:2: 1714 daAuts
